 Dungeon Crawl Stone Soup version 0.22.1-6-g1668fe2c40 (webtiles) character file.

7475 Honti the Severer (level 10, 0/127 HPs)
             Began as a Deep Dwarf Fighter on Jan 19, 2019.
             Was an Elder of Makhleb.
             Slain by a death yak (12 damage)
             ... on level 9 of the Dungeon.
             The game lasted 00:18:55 (7120 turns).

Honti the Severer (Deep Dwarf Fighter)              Turns: 7120, Time: 00:18:56

Health: 0/127      AC: 25    Str: 22    XL:     10   Next: 94%
Magic:  4/5        EV:  2    Int:  9    God:    Makhleb [****..]
Gold:   452        SH:  0    Dex: 13    Spells: 9/9 levels left

rFire    + . .     SeeInvis .   y - +1 battleaxe (venom)
rCold    . . .     Gourm    .   (shield currently unavailable)
rNeg     + + +     Faith    .   (armour currently unavailable)
rPois    +         Spirit   .   (helmet currently unavailable)
rElec    .         Reflect  .   (cloak currently unavailable)
rCorr    .         Harm     .   (gloves currently unavailable)
MR       +....     NoTele   +   (boots currently unavailable)
Stlth    +.........             (no amulet)
HPRegen  0.00/turn              t - ring of protection from fire
MPRegen  0.09/turn              (no ring)

@: tree-form, non-regenerating
A: damage resistance, heal wounds, sense surroundings 2, no regeneration
a: Heal Wounds, Minor Destruction, Lesser Servant of Makhleb, Major Destruction,
Renounce Religion


You were on level 9 of the Dungeon.
You worshipped Makhleb.
Makhleb was greatly pleased with you.
You were not hungry.
You were a tree.
You visited 2 branches of the dungeon, and saw 10 of its levels.

You collected 452 gold pieces.

Inventory:

Hand Weapons
 a - a +0 war axe
 j - a +2 flail of protection
 v - the cursed +2 short sword of Symmetry {freeze, Fragile +Rage Dex+4, unknown}
   (You took it off Dowan on level 5 of the Dungeon)

   It has been specially enchanted to freeze those struck by it, causing extra
   injury to most foes and up to half again as much damage against particularly
   susceptible opponents.
   It can also slow down cold-blooded creatures.
   It affects your dexterity (+4).
   It lets you go berserk.
   It will be destroyed if unequipped.
   It has a curse placed upon it.
 y - a +1 battleaxe of venom (weapon)
Missiles
 e - a throwing net (quivered)
Armour
 c - a +0 shield
 i - a scarf of cloud immunity (melded)
 B - a +1 plate armour of poison resistance (melded)
Jewellery
 o - a cursed ring of attention {unknown}
 r - an uncursed amulet of magic regeneration
 t - a ring of protection from fire (left branch)
 C - an uncursed ring of magical power {unknown}
Wands
 b - a wand of paralysis (14)
Scrolls
 d - a scroll of enchant armour {unknown}
 h - 2 scrolls of random uselessness {unknown}
 m - 3 scrolls of teleportation
 n - a scroll of fog {unknown}
 p - a scroll of fear
 q - a scroll of remove curse {unknown}
 u - a scroll of amnesia
 w - a scroll of enchant weapon {unknown}
 A - a scroll of identify
Potions
 g - 2 potions of flight
 k - 4 potions of agility
 l - 2 potions of lignification
 s - 2 potions of curing
 x - 2 potions of brilliance {unknown}
Comestibles
 f - 11 rations


   Skills:
 + Level 3.7 Fighting
 * Level 16.3 Axes
 + Level 4.4 Armour
 + Level 2.2 Dodging
 - Level 3.6 Shields
 + Level 3.4 Invocations


You had 9 spell levels left.
You didn't know any spells.
Your spell library was empty.

Dungeon Overview and Level Annotations

Branches:
Dungeon (9/15)             Temple (1/1) D:4
   Lair: D:8-11         Orc: D:9-12

Altars:
Ashenzari
Cheibriados
Dithmenos
Elyvilon
Fedhas
Gozag
Makhleb
Nemelex Xobeh
Okawaru
Ru
Trog
Uskayaw
Vehumet
Wu Jian
Xom
Yredelemnul
Zin
The Shining One


Innate Abilities, Weirdness & Mutations

You are resistant to damage.
You can heal yourself by infusing magical energy.
You passively map the area around you.
You do not regenerate.


Message History

You slash the death yak! You barely miss the death yak.
You kill the death yak!
Makhleb accepts your kill.
Your Dodging skill increases to level 2!
Your Invocations skill increases to level 3!
The death yak gores you but does no damage.
The yak gores you but does no damage.
The orc wizard casts a spell.
The orc wizard flickers and vanishes!
Deactivating autopickup; reactivate with Ctrl-A.
The death yak gores you but does no damage.
You slash the yak!
The yak looks as sick as possible!
The yak is severely wounded.
You barely miss the death yak. You slash the death yak!
The death yak looks as sick as possible!
You closely miss the orc warrior.
The orc warrior hits you with a scimitar.
* * * LOW HITPOINT WARNING * * *
The death yak gores you!
You die...

..........(..#.#..... ,
,
.........###.#.#....#,
, , ,*
.........###.....#*,, ,
*
..........##.....####.)
,,,
#########(.............
, , #.......######* * ,
#.......# * ,,,
#......)### *#c ** *
#.....Yo♣Y# ...
#.....hY#YO§...# *,,
*#......h{#WY..#..
*#.......oo#Y###... , *
..#......5.o....## , ,
*, ..#######...##### ,
, * , * .$#.# * ,* , ,
* * #.....# ** ,* * *
......Y. ,


You could see 2 death yaks, 4 yaks, a phantom, an orc warrior, an ogre, an orc
priest, a crimson imp, 2 orcs and 2 jackals.

Vanquished Creatures
  A death yak (D:9)
  A two-headed ogre (D:6)
  Pikel (D:7)
  A hippogriff (D:7)
  The ghost of SeriosSam the Conjurer, an amateur DECj of Sif Muna (D:6)
  Sigmund (D:2)
  A spriggan (D:7)
  A yak (D:9)
  The ghost of Crag the Digger, an amateur DDEE of Cheibriados (D:4)
  Duvessa (D:5)
  A water moccasin (D:6)
  3 ice beasts (D:7)
  3 orc warriors (D:8)
  A phantom (D:4)
  A sky beast (D:5)
  6 ogres
  9 centaurs
  2 big kobolds (D:8)
  3 bullfrogs
  Dowan (D:5)
  A gnoll sergeant (D:6)
  3 scorpions
  4 wights
  3 howler monkeys
  4 crimson imps
  A bullfrog zombie (D:8)
  2 centaur zombies
  4 hounds
  10 orc priests
  A bullfrog skeleton (D:7)
  3 jellies
  5 iguanas
  A centaur skeleton (D:4)
  A gnoll shaman (D:7)
  3 worker ants
  10 orc wizards
  A hound zombie (D:7)
  A worker ant zombie (D:5)
  13 adders
  14 gnolls
  A howler monkey skeleton (D:4)
  A shadow imp (D:8)
  An ooze (D:1)
  An adder zombie (D:6)
  4 adder skeletons
  4 worms
  4 dart slugs
  3 leopard geckos
  38 orcs
  12 bats
  2 giant cockroaches
  8 goblins
  11 hobgoblins
  7 jackals (D:3)
  5 quokkas
  A ball python (D:1)
  5 frilled lizards
  A jackal skeleton (D:4)
  A jackal zombie (D:6)
  18 kobolds
  A leopard gecko skeleton (D:8)
  A leopard gecko zombie (D:8)
  10 rats
265 creatures vanquished.

Notes
Turn   | Place    | Note
-------+----------+-------------------------------------------
     0 | D:1      | Honti the Deep Dwarf Fighter began the quest for the Orb.
     0 | D:1      | Reached XP level 1. HP: 20/20 MP: 1/1
    76 | D:1      | Reached skill level 3 in Axes
   116 | D:1      | Reached XP level 2. HP: 24/27 MP: 2/2
   432 | D:1      | Reached XP level 3. HP: 28/33 MP: 3/3
   481 | D:1      | Reached skill level 4 in Axes
  1067 | D:2      | Reached skill level 5 in Axes
  1067 | D:2      | Reached XP level 4. HP: 29/40 MP: 2/2
  1240 | D:2      | Reached XP level 5. HP: 37/46 MP: 3/3
  1308 | D:2      | Noticed Sigmund
  1314 | D:2      | Killed Sigmund
  1314 | D:2      | Reached skill level 7 in Axes
  1314 | D:2      | Reached XP level 6. HP: 44/55 MP: 4/4
  1427 | D:2      | Found a faded altar of an unknown god.
  1465 | D:2      | Found an ornate altar of the Wu Jian Council.
  1630 | D:3      | Found a basalt altar of Yredelemnul.
  2658 | D:4      | Found a staircase to the Ecumenical Temple.
  2676 | Temple   | Entered the Ecumenical Temple
  2803 | Temple   | Became a worshipper of Makhleb the Destroyer
  2834 | D:4      | Reached skill level 8 in Axes
  3177 | D:4      | Reached XP level 7. HP: 17/61 MP: 4/4
  3197 | D:4      | Reached skill level 9 in Axes
  3409 | D:4      | Found a large runed door.
  3409 | D:4      | Found a large runed door.
  3420 | D:4      | Noticed Crag's ghost (amateur DDEE)
  3452 | D:4      | Killed Crag's ghost
  3452 | D:4      | Reached skill level 10 in Axes
  3489 | D:5      | Entered Level 5 of the Dungeon
  3559 | D:5      | Reached XP level 8. HP: 47/68 MP: 3/3
  3764 | D:5      | Found a radiant altar of Vehumet.
  3770 | D:5      | Found a sparkling altar of Nemelex Xobeh.
  3794 | D:5      | Noticed Duvessa
  3795 | D:5      | Noticed Dowan
  3811 | D:5      | Killed Duvessa
  3811 | D:5      | Reached skill level 11 in Axes
  3842 | D:5      | Killed Dowan
  3844 | D:5      | Got an ichor-stained short sword {freeze}
  3893 | D:5      | Found a shadowy altar of Dithmenos.
  4250 | D:5      | Reached * piety under Makhleb
  4318 | D:6      | Reached skill level 12 in Axes
  4486 | D:7      | Gained mutation: You passively map the area around you.
                  | [Deep Dwarf growth]
  4486 | D:7      | Reached XP level 9. HP: 66/74 MP: 4/4
  4647 | D:6      | Reached skill level 13 in Axes
  4869 | D:6      | Found a runed door.
  4870 | D:6      | Noticed SeriosSam's ghost (amateur DECj)
  4877 | D:6      | Noticed a two-headed ogre
  4887 | D:6      | Killed SeriosSam's ghost
  4895 | D:6      | Killed a two-headed ogre
  4895 | D:6      | Reached skill level 14 in Axes
  4995 | D:6      | Reached ** piety under Makhleb
  5150 | D:6      | Found an iron altar of Okawaru.
  5340 | D:7      | Reached skill level 15 in Axes
  5340 | D:7      | Reached XP level 10. HP: 77/81 MP: 3/3
  5762 | D:7      | Found a glowing golden altar of the Shining One.
  5765 | D:7      | Found a white marble altar of Elyvilon.
  5765 | D:7      | Noticed Pikel
  5766 | D:7      | Found a glowing silver altar of Zin.
  5774 | D:7      | Killed Pikel
  6054 | D:8      | Found a shimmering altar of Xom.
  6106 | D:8      | Reached *** piety under Makhleb
  6157 | D:8      | Reached skill level 16 in Axes
  6224 | D:8      | Reached skill level 1 in Invocations
  6331 | D:8      | Reached **** piety under Makhleb
  6541 | D:8      | Reached skill level 1 in Dodging
  7095 | D:9      | Noticed a death yak
  7098 | D:9      | Noticed a death yak
  7099 | D:9      | Noticed a death yak
  7119 | D:9      | Killed a death yak
  7120 | D:9      | Slain by a death yak

Skill      XL: |  1  2  3  4  5  6  7  8  9 10 |
---------------+-------------------------------+-----
Axes           | 3 5 7 8 10 12 15 16 | 16.3
Invocations    | 3 |  3.4
Fighting       | 3 |  3.7
Dodging        | 2 |  2.2
Armour         | 4 |  4.4
Shields        | |  3.6

Action                   |  1- 3 |  4- 6 |  7- 9 | 10-12 || total
-------------------------+-------+-------+-------+-------++-------
Melee: War axe           |   135 |   186 |   393 |   215 ||   929
       Battleaxe         |       |       |       |    69 ||    69
 Abil: Heal Wounds       |     3 |     6 |    24 |     4 ||    37
  Use: Potion            |       |     1 |     2 |     1 ||     4
       Scroll            |       |       |     8 |     1 ||     9
  Eat: Chunk             |     1 |     6 |     8 |     5 ||    20
       Ration            |       |       |       |     1 ||     1
Armor: Scale mail        |    72 |    43 |       |       ||   115
       Plate armour      |       |    36 |   216 |   140 ||   392
       Skin              |       |       |       |    18 ||    18
Dodge: Dodged            |    33 |    50 |    55 |    59 ||   197
Block: Shield            |    79 |    93 |   166 |   104 ||   442
